[Event "fics rated crazyhouse match"]
[Site "fics, Oklahoma City, OK USA"]
[Date "2000.03.18"]
[White "Bobeskillz"]
[WhiteElo "2205"]
[Black "pminear"]
[BlackElo "2442"]
[TimeControl "180+0"]
[Result "0-1"]

1. e4 e5 2. Nf3 Nc6 3. Bb5 Bc5 4. Bxc6 dxc6 5. O-O B@g4 6. N@e1 
Nf6 7. h3 Bxh3 8. gxh3 Bxh3 9. B@g2 Bxg2 10. Nxg2 Nxe4 11. Nxe5 Nxf2 
12. Rxf2 Bxf2+ 13. Kxf2 B@d4+ 14. Ne3 Bxe5 15. B@h3 Qh4+ 16. Ke2 N@f4+ 17. Kf1 
R@f2+ 18. Kg1 Nxh3+ 19. Kh1 Nf4+ 20. B@h3 
{Bobeskillz resigns} 0-1

[Event "fics rated crazyhouse match"]
[Site "fics, Oklahoma City, OK USA"]
[Date "2000.03.18"]
[White "pminear"]
[WhiteElo "2445"]
[Black "Bobeskillz"]
[BlackElo "2202"]
[TimeControl "180+0"]
[Result "1-0"]

1. e4 e6 2. Nc3 Nc6 3. d4 Bb4 4. a3 Ba5 5. Be3 Nf6 6. Bd3 
d5 7. e5 Ne4 8. Bxe4 dxe4 9. N@h5 Rg8 10. Nh3 B@a6 11. Qd2 Bxc3 
12. Qxc3 N@b5 13. Qd2 Nbxd4 14. Bxd4 Qxd4 15. N@f6+ gxf6 16. Nxf6+ Kd8 17. Qxd4+ 
Nxd4 18. P@e7+ Kxe7 19. Nxg8+ Kd7 20. B@e8# 
{Bobeskillz resigns} 1-0

[Event "fics rated crazyhouse match"]
[Site "fics, Oklahoma City, OK USA"]
[Date "2000.03.18"]
[White "Bobeskillz"]
[WhiteElo "2199"]
[Black "pminear"]
[BlackElo "2448"]
[TimeControl "180+0"]
[Result "1-0"]

1. e4 e5 2. Nf3 Nc6 3. Bb5 Bc5 4. O-O Nf6 5. Bxc6 dxc6 6. Nxe5 
B@d4 7. Nd3 Nxe4 8. Qe1 Qe7 9. Nxc5 Bxc5 10. B@e3 P@h3 11. Bxc5 hxg2 
12. Bxe7 N@f3+ 13. Kxg2 Nxe1+ 14. Rxe1 P@h3+ 15. Kf3 Q@g2+ 16. Kf4 Qxf2+ 17. N@f3 
Kxe7 18. Rxe4+ P@e6 19. N@f5+ Kf6 20. Q@g5# 
{pminear checkmated} 1-0

[Event "fics rated crazyhouse match"]
[Site "fics, Oklahoma City, OK USA"]
[Date "2000.03.18"]
[White "pminear"]
[WhiteElo "2435"]
[Black "Bobeskillz"]
[BlackElo "2212"]
[TimeControl "180+0"]
[Result "1-0"]

1. e4 e6 2. Nc3 Nc6 3. d4 Bb4 4. Be3 Nf6 5. Bd3 d5 6. e5 
Ne4 7. Ne2 a5 8. O-O Bxc3 9. Nxc3 Nxc3 10. bxc3 N@f5 11. Bxf5 exf5 
12. N@h5 Rg8 13. B@g5 f6 14. exf6 g6 15. f7# 
{Bobeskillz resigns} 1-0

[Event "fics rated crazyhouse match"]
[Site "fics, Oklahoma City, OK USA"]
[Date "2000.03.18"]
[White "Bobeskillz"]
[WhiteElo "2209"]
[Black "pminear"]
[BlackElo "2438"]
[TimeControl "180+0"]
[Result "0-1"]

1. e4 e5 2. Nf3 Nc6 3. c3 Nf6 4. d3 d5 5. Nbd2 Bg4 6. exd5 
Nxd5 7. h3 Bxf3 8. Nxf3 Bc5 9. B@h4 Be7 10. Bxe7 Qxe7 11. B@e4 Rd8 
12. Bxd5 Rxd5 13. Be2 B@g6 14. O-O B@b6 15. P@e3 Rd8 16. N@c4 e4 17. Nxb6 
axb6 18. Nd4 exd3 19. Bxd3 Bxd3 20. Qxd3 B@e4 21. Qd2 Nxd4 22. exd4 Bxg2 
23. Kxg2 N@h4+ 24. Kg3 N@e4+ 25. Kg4 h5+ 26. Kf4 N@d5# 
{Bobeskillz checkmated} 0-1

[Event "fics rated crazyhouse match"]
[Site "fics, Oklahoma City, OK USA"]
[Date "2000.03.18"]
[White "pminear"]
[WhiteElo "2441"]
[Black "Bobeskillz"]
[BlackElo "2206"]
[TimeControl "180+0"]
[Result "1-0"]

1. e4 e6 2. Nc3 Nc6 3. d4 Nf6 4. e5 Nd5 5. Nxd5 exd5 6. Nf3 
d6 7. Bb5 Bg4 8. h3 Bh5 9. g4 Bg6 10. Qe2 Qe7 11. Bg5 f6 
12. exf6 Qxe2+ 13. Bxe2 Q@g2 14. O-O-O gxf6 15. Bxf6 P@g7 16. Rhe1 N@e4 17. Q@e6+ 
Ne7 18. P@d7+ Kd8 19. Bxe7+ Bxe7 20. N@c6+ bxc6 21. N@b7# 
{Bobeskillz checkmated} 1-0

[Event "fics rated crazyhouse match"]
[Site "fics, Oklahoma City, OK USA"]
[Date "2000.03.18"]
[White "Bobeskillz"]
[WhiteElo "2203"]
[Black "pminear"]
[BlackElo "2444"]
[TimeControl "180+0"]
[Result "0-1"]

1. d4 Nf6 2. Bf4 e6 3. e3 Nc6 4. Nf3 d6 5. Be2 Be7 6. Nc3 
O-O 7. h4 Nh5 8. g4 Nxf4 9. exf4 B@g2 10. Rh2 Bxf3 11. Bxf3 Bxh4 
12. g5 N@f5 13. B@e4 P@g3 14. fxg3 Bxg3+ 15. Kd2 Bxf4+ 16. Ke2 Ncxd4+ 17. Kf1 
Ne3+ 18. Kg1 
{Bobeskillz resigns} 0-1

[Event "fics rated crazyhouse match"]
[Site "fics, Oklahoma City, OK USA"]
[Date "2000.03.18"]
[White "pminear"]
[WhiteElo "2447"]
[Black "RubberDuck"]
[BlackElo "2203"]
[TimeControl "60+0"]
[Result "1-0"]

1. e4 e6 2. Nc3 b6 3. d4 Bb7 4. Bd3 Nf6 5. Qe2 d5 6. e5 
Ne4 7. Nxe4 dxe4 8. Bxe4 Bxe4 9. Qxe4 B@d5 10. Qg4 Nc6 11. B@a4 N@h6 
12. Bxh6 gxh6 13. N@f6+ Qxf6 14. exf6 B@a5+ 15. P@c3 N@f5 16. N@e3 Nxe3 17. fxe3 
N@f5 18. N@g7+ Nxg7 19. fxg7 Bxg7 20. Qxg7 N@g6 21. N@f6+ Ke7 22. Nxd5+ exd5 
23. B@f6+ Kd7 24. Bxc6+ Kxc6 25. Qxf7 P@f2+ 26. Kxf2 N@e4+ 27. Ke2 B@h5+ 28. Ke1 
Rhd8 29. P@b5+ Kxb5 30. a4+ Kc6 31. P@b5+ Kb7 32. B@c6+ Kc8 33. Q@b7# 
{RubberDuck checkmated} 1-0

[Event "fics rated crazyhouse match"]
[Site "fics, Oklahoma City, OK USA"]
[Date "2000.03.18"]
[White "RubberDuck"]
[WhiteElo "2200"]
[Black "pminear"]
[BlackElo "2450"]
[TimeControl "60+0"]
[Result "0-1"]

1. e4 e5 2. Nf3 Nc6 3. Bc4 Bc5 4. d3 Nf6 5. Nc3 d6 6. h3 
Be6 7. Bxe6 fxe6 8. Ng5 B@d7 9. B@f7+ Ke7 10. Be3 Bxe3 11. fxe3 B@h4+ 
12. B@f2 Bxg5 13. Bxe6 Bxe6 14. P@d5 Bf7 15. dxc6 bxc6 16. N@f5+ Kf8 17. Qe2 
P@e6 18. Nxg7 Kxg7 19. d4 exd4 20. exd4 N@f4 21. Qf3 P@d2+ 22. Kf1 B@a6+ 
23. P@d3 h5 24. h4 Bxh4 25. Bxh4 N@g6 26. Bxf6+ Qxf6 27. B@h4 Nxh4 28. Rxh4 
Qxh4 29. e5 R@e1# 
{RubberDuck resigns} 0-1

[Event "fics rated crazyhouse match"]
[Site "fics, Oklahoma City, OK USA"]
[Date "2000.03.19"]
[White "Olaudah"]
[WhiteElo "2203"]
[Black "Flesh"]
[BlackElo "2211"]
[TimeControl "60+0"]
[Result "0-1"]

1. e4 d5 2. Nc3 e6 3. exd5 exd5 4. d4 Nf6 5. Nf3 Bg4 6. Bg5 
P@e4 7. P@e5 exf3 8. gxf3 Bxf3 9. Qxf3 P@e4 10. Bxf6 gxf6 11. Qxf6 Qxf6 
12. exf6 N@f3+ 13. Ke2 Q@d2# 
{Olaudah checkmated} 0-1

[Event "fics rated crazyhouse match"]
[Site "fics, Oklahoma City, OK USA"]
[Date "2000.03.19"]
[White "Flesh"]
[WhiteElo "2219"]
[Black "Olaudah"]
[BlackElo "2195"]
[TimeControl "60+0"]
[Result "1-0"]

1. e4 e6 2. d4 d6 3. Nf3 Be7 4. Nc3 Nf6 5. Bb5+ Bd7 6. Bxd7+ 
Nbxd7 7. e5 dxe5 8. dxe5 Nd5 9. Nxd5 exd5 10. Bf4 O-O 11. P@h6 gxh6 
12. Bxh6 N@f5 13. Bxf8 Qxf8 14. P@f6 Bxf6 15. exf6 Nxf6 16. B@e5 Re8 17. O-O 
P@g4 18. Bxf6 P@g7 19. Bxg7 Nxg7 20. N@h6+ Kh8 21. R@g8+ Qxg8 22. Nxg8 P@e2 
23. P@f6 exf1=Q+ 24. Qxf1 B@f8 25. P@h6 R@g6 26. hxg7+ Bxg7 27. fxg7+ Rxg7 28. B@f6 
B@f8 29. N@e7 P@e2 30. Qxe2 gxf3 31. Qxf3 N@h4 32. Bxh4 Bxe7 33. Bxe7 Rgxg8 
34. B@f6+ P@g7 35. N@h6 gxf6 36. Nxf7+ Kg7 37. P@h6+ Kxf7 38. P@e6+ Kxe7 39. Q@d7+ 
Kf8 40. Qf7# 
{Olaudah checkmated} 1-0

[Event "fics rated crazyhouse match"]
[Site "fics, Oklahoma City, OK USA"]
[Date "2000.03.19"]
[White "Olaudah"]
[WhiteElo "2188"]
[Black "Flesh"]
[BlackElo "2226"]
[TimeControl "60+0"]
[Result "0-1"]

1. e4 d5 2. Nc3 d4 3. Nb5 a6 4. Na3 e5 5. Nc4 Be6 6. Nf3 
Bxc4 7. Bxc4 N@d6 8. Bxf7+ Nxf7 9. P@e6 Ng5 10. Nxg5 Qxg5 11. B@f7+ Kd8 
12. Rg1 Nf6 13. d3 B@e3 14. fxe3 dxe3 15. Bxe3 Qxe3+ 16. Qe2 P@f2+ 17. Kd1 
fxg1=Q+ 18. B@f1 Qxf1+ 19. Qxf1 R@d2+ 20. Kc1 Rf2+ 21. P@d2 Rxf1+ 22. N@d1 N@e2+ 
23. Kb1 Rxd1# 
{Olaudah checkmated} 0-1

[Event "fics rated crazyhouse match"]
[Site "fics, Oklahoma City, OK USA"]
[Date "2000.03.19"]
[White "Flesh"]
[WhiteElo "2233"]
[Black "Olaudah"]
[BlackElo "2181"]
[TimeControl "60+0"]
[Result "1-0"]

1. e4 e5 2. Nf3 Nc6 3. Bc4 Be7 4. Bxf7+ Kxf7 5. d4 exd4 6. Nxd4 
Nf6 7. Nxc6 bxc6 8. N@e5+ Kf8 9. P@g6 P@d6 10. gxh7 dxe5 11. P@g6 B@h5 
12. P@f3 Bxg6 13. Bg5 Bxh7 14. Bxf6 Bxf6 15. Nc3 B@b4 16. N@g4 P@d4 17. Nxf6 
Qxf6 18. B@a3 dxc3 19. Bxb4+ P@e7 20. Bxc3 N@h4 21. Rg1 N@f4 22. B@g3 Nhxg2+ 
23. Rxg2 Nxg2+ 24. Kf1 Nf4 25. Bxf4 P@g2+ 26. Kxg2 N@h4+ 27. Kf1 exf4 28. Bxf6 
gxf6 29. P@f5 B@g2+ 30. Ke1 R@f1+ 31. Kd2 Rxd1+ 32. Rxd1 B@b4+ 33. c3 Bxc3+ 
34. Kxc3 N@b5+ 35. Kc2 Na3+ 36. bxa3 Q@c4+ 37. N@c3 P@d3+ 38. Rxd3 Qxd3+ 39. Kxd3 
Ba6+ 40. P@c4 R@d6+ 41. P@d5 Bxf3 42. N@g7 
{Olaudah forfeits on time} 1-0

[Event "fics rated crazyhouse match"]
[Site "fics, Oklahoma City, OK USA"]
[Date "2000.03.19"]
[White "Olaudah"]
[WhiteElo "2174"]
[Black "Flesh"]
[BlackElo "2240"]
[TimeControl "60+0"]
[Result "0-1"]

1. e4 d5 2. Nc3 dxe4 3. Nxe4 e5 4. d3 Nf6 5. Bg5 Be7 6. Bxf6 
Bxf6 7. Nf3 Bg4 8. Be2 Bxf3 9. Bxf3 B@d4 10. N@h5 Bxf2+ 11. Nxf2 P@e3 
12. Ne4 P@f2+ 13. Kf1 Bg5 14. B@c5 N@d2+ 15. Nxd2 exd2 16. Nxg7+ Kd7 17. B@g4+ 
N@e6 18. Nxe6 fxe6 19. Bxe6+ Kxe6 20. P@d5+ Kd7 21. Bg4+ Ke8 22. N@g7+ Kf7 
23. P@e6+ Kxg7 24. N@f5+ Kg6 25. P@h5+ Kf6 26. e7 Qd7 27. h4 Qxf5 28. Bxf5 
N@e3+ 29. Bxe3 Kxe7 30. Q@e6+ Kd8 31. Qc8+ Ke7 32. Qe6+ Kf8 33. N@g6+ Kg7 
34. Qe7+ Kg8 
{Olaudah forfeits on time} 0-1

[Event "fics rated crazyhouse match"]
[Site "fics, Oklahoma City, OK USA"]
[Date "2000.03.19"]
[White "Flesh"]
[WhiteElo "2247"]
[Black "Olaudah"]
[BlackElo "2167"]
[TimeControl "60+0"]
[Result "1-0"]

1. e4 e6 2. e5 Nc6 3. d4 d6 4. exd6 Bxd6 5. Nc3 Nf6 6. Bg5 
Be7 7. Nf3 O-O 8. P@h6 gxh6 9. Bxh6 P@g7 10. Bxg7 Kxg7 11. P@g5 Ng4 
12. P@f6+ Bxf6 13. gxf6+ Qxf6 14. Bb5 P@e3 15. Bxc6 exf2+ 16. Kf1 Ne3+ 17. Ke2 
B@c4+ 18. B@d3 P@g6 19. Qd2 Bxd3+ 20. Qxd3 Nxg2 21. Kxf2 Nf4 22. Qe3 B@h6 
23. Rhg1 Nh3+ 24. Kf1 Bxe3 25. N@h5+ Kh8 26. B@g3 Bxg1 27. Nxf6 P@g7 28. P@e7 
Rg8 29. Nxg8 P@g2+ 30. Kxg2 Nf4+ 31. Bxf4 Q@f2+ 32. Kh3 P@g4+ 33. Kxg4 h5+ 
34. Kg5 f6+ 35. Kxg6 R@h6+ 36. Kf7 
{Olaudah forfeits on time} 1-0

[Event "fics rated crazyhouse match"]
[Site "fics, Oklahoma City, OK USA"]
[Date "2000.03.19"]
[White "Flesh"]
[WhiteElo "2253"]
[Black "TheRaven"]
[BlackElo "2188"]
[TimeControl "60+0"]
[Result "0-1"]

1. e4 Nf6 2. e5 d5 3. exf6 exf6 4. d4 Nc6 5. Nf3 Bb4+ 6. Nc3 
Bxc3+ 7. bxc3 N@e4 8. Bb5 Nxc3 9. Bxc6+ bxc6 10. Qd3 Ne4 11. O-O B@c4 
12. Qe3 Bxf1 13. B@d3 Bxd3 14. cxd3 R@e7 15. dxe4 Rxe4 16. Qd3 B@c4 17. Qc3 
P@e2 18. Ba3 e1=Q+ 19. Nxe1 Rxe1+ 20. Rxe1+ N@e2+ 21. Rxe2+ Bxe2 22. N@g3 R@d3 
23. P@e7 Qxe7 24. Bxe7 Bd7 25. Bb4 P@d6 26. Nxe2 Rxc3 27. Bxc3 Q@d1+ 28. R@e1 
Qxe1+ 29. Bxe1 Rb8 30. N@a6 Rb1 31. Nxc7+ Kd8 32. B@d2 R@a1 33. B@c3 P@e3 
34. Na6 exd2 35. Q@c7+ Ke7 36. Qxd7+ Kxd7 37. Q@c7+ Ke6 38. B@f5+ Kxf5 39. R@f4+ 
Kg6 40. Qxf7+ Kh6 41. P@e6 Rxe1+ 42. N@f1 Rxf1# 
{Flesh checkmated} 0-1

[Event "fics rated crazyhouse match"]
[Site "fics, Oklahoma City, OK USA"]
[Date "2000.03.19"]
[White "Bobeskillz"]
[WhiteElo "2200"]
[Black "Thufir"]
[BlackElo "2354"]
[TimeControl "180+0"]
[Result "1-0"]

1. e4 e6 2. Nc3 d6 3. d4 Nf6 4. Nf3 Be7 5. Be2 Nc6 6. O-O 
e5 7. d5 Nb8 8. Ng5 O-O 9. f4 exf4 10. Bxf4 c6 11. P@e6 fxe6 
12. Nxe6 Bxe6 13. dxe6 N@e5 14. P@g5 Ne8 15. Bh5 P@g6 16. Bxe5 dxe5 17. Rxf8+ 
Kxf8 18. Qxd8 P@f2+ 19. Kxf2 R@f4+ 20. R@f3 B@c5+ 21. P@e3 Bxd8 22. Rxf4+ Ke7 
23. Rf7+ Kxe6 24. Bg4+ P@f5 25. exf5+ Kxf7 26. Q@e6+ Kf8 27. R@g8# 
{Thufir checkmated} 1-0

[Event "fics rated crazyhouse match"]
[Site "fics, Oklahoma City, OK USA"]
[Date "2000.03.19"]
[White "Thufir"]
[WhiteElo "2343"]
[Black "Bobeskillz"]
[BlackElo "2211"]
[TimeControl "180+0"]
[Result "1-0"]

1. e4 e6 2. d4 Nc6 3. Nf3 Nf6 4. e5 Ne4 5. Bd3 Nxf2 6. Kxf2 
Nxd4 7. Rf1 Bc5 8. Be3 P@f4 9. Bxd4 Bxd4+ 10. Nxd4 Qh4+ 11. Kg1 B@e3+ 
12. B@f2 Bxf2+ 13. Rxf2 P@g3 14. N@h3 gxf2+ 15. Nxf2 B@e3 16. N@h3 Bxf2+ 17. Nxf2 
N@g3 18. Nf3 Qh5 19. P@g4 Qxg4 20. hxg3 Qxg3 21. B@h2 Qxf2+ 22. Kxf2 P@g3+ 
23. Bxg3 fxg3+ 24. Kxg3 N@h5+ 25. Kh2 B@f4+ 26. P@g3 Nxg3 27. N@h3 Ne4+ 28. Nxf4 
P@g3+ 29. Kg1 P@f2+ 30. Kh1 R@g1+ 31. Nxg1 fxg1=Q+ 32. Kxg1 
{Bobeskillz forfeits on time} 1-0

[Event "fics rated crazyhouse match"]
[Site "fics, Oklahoma City, OK USA"]
[Date "2000.03.19"]
[White "Bobeskillz"]
[WhiteElo "2206"]
[Black "Thufir"]
[BlackElo "2348"]
[TimeControl "180+0"]
[Result "0-1"]

1. e4 e6 2. Nc3 d5 3. exd5 exd5 4. d4 Bb4 5. Bb5+ P@c6 6. Qe2+ 
Qe7 7. P@h6 Nxh6 8. Bxh6 gxh6 9. N@f6+ Kd8 10. Bxc6 P@d2+ 11. Kxd2 B@g5+ 
12. P@e3 Bxf6 13. Bxd5 Nc6 14. P@e5 Bg5 15. Nf3 Bg4 16. h3 Bxf3 17. gxf3 
Nxd4 18. P@f6 Qd7 19. B@e7+ Bxe7 20. fxe7+ Qxe7 21. B@f6 Nxe2 22. Bxe7+ Bxe7 
23. Nxe2 B@a5+ 24. c3 B@a6 25. Nf4 P@e6 26. Bxe6 fxe6 27. Nxe6+ Kc8 28. P@d7+ 
Kb8 29. Q@e8+ B@d8 30. N@f4 N@c4+ 31. Kc2 Q@d2+ 32. Kb3 Qxb2+ 33. Ka4 P@b5# 
{Bobeskillz checkmated} 0-1

[Event "fics rated crazyhouse match"]
[Site "fics, Oklahoma City, OK USA"]
[Date "2000.03.19"]
[White "Thufir"]
[WhiteElo "2353"]
[Black "Lomboc"]
[BlackElo "2220"]
[TimeControl "60+0"]
[Result "1-0"]

1. e4 e6 2. d4 d5 3. exd5 exd5 4. Bb5+ Nc6 5. Qe2+ P@e6 6. Nc3 
Bd7 7. Bxc6 Bxc6 8. Nf3 Nf6 9. Bg5 Be7 10. P@e5 Ne4 11. Bxe7 Qxe7 
12. N@h5 Rg8 13. Nxe4 dxe4 14. N@f6+ gxf6 15. Nxf6+ Kd8 16. Nxg8 exf3 17. Nxe7 
B@b4+ 18. P@c3 Bxe7 19. gxf3 N@g2+ 20. Kd1 Nf4 21. R@g8+ B@e8 22. Qd2 Bxf3+ 
23. P@e2 Nxe2 24. Rxe8+ Kxe8 25. B@b5+ P@c6 26. Bxe2 Bxh1 27. Q@g8+ R@f8 28. N@g7+ 
Kd8 29. Qxh7 P@f3 30. P@f6 fxe2+ 31. Qxe2 R@g1+ 32. B@e1 Ba3 33. P@e7+ Kd7 
34. exf8=N+ Rxf8 35. bxa3 
{Lomboc forfeits on time} 1-0

[Event "fics rated crazyhouse match"]
[Site "fics, Oklahoma City, OK USA"]
[Date "2000.03.19"]
[White "Oddyseus"]
[WhiteElo "2298"]
[Black "Thufir"]
[BlackElo "2358"]
[TimeControl "60+0"]
[Result "1-0"]

1. e4 e6 2. Nc3 Nc6 3. d4 Nf6 4. Nf3 Bb4 5. Bd3 d5 6. e5 
Ne4 7. Bd2 Nxd2 8. Qxd2 B@e4 9. N@h5 Rg8 10. a3 Bxc3 11. bxc3 Bxf3 
12. gxf3 N@g2+ 13. Kd1 N@f4 14. Nxf4 Nxf4 15. Qxf4 N@b2+ 16. Ke2 Nxd3 17. cxd3 
B@g5 18. Qg3 Qe7 19. N@h5 f6 20. exf6 gxf6 21. P@f4 Bh6 22. Qxg8+ Qf8 
23. B@f7+ Kd7 24. Qxf8 Nxd4+ 25. cxd4 Bxf8 26. Q@e8+ Kd6 27. B@c5# 
{Thufir checkmated} 1-0

[Event "fics rated crazyhouse match"]
[Site "fics, Oklahoma City, OK USA"]
[Date "2000.03.19"]
[White "Thufir"]
[WhiteElo "2349"]
[Black "Oddyseus"]
[BlackElo "2307"]
[TimeControl "60+0"]
[Result "1-0"]

1. e4 e6 2. Nc3 Ne7 3. d4 d5 4. exd5 exd5 5. Bb5+ Nbc6 6. Qe2 
Be6 7. Nf3 Nf5 8. Ne5 P@d7 9. Bxc6 bxc6 10. P@g4 Nd6 11. N@f4 Qe7 
12. Nxe6 dxe6 13. Nxc6 Qd7 14. Ne5 Qe7 15. P@d7+ Kd8 16. B@c6 Rb8 17. Bf4 
f6 18. Nf3 N@b4 19. Nxd5 exd5 20. Qxe7+ Bxe7 21. Bxd6 cxd6 22. N@e6# 
{Oddyseus checkmated} 1-0

[Event "fics rated crazyhouse match"]
[Site "fics, Oklahoma City, OK USA"]
[Date "2000.03.19"]
[White "Oddyseus"]
[WhiteElo "2300"]
[Black "Thufir"]
[BlackElo "2356"]
[TimeControl "60+0"]
[Result "0-1"]

1. e4 e6 2. Nc3 Nc6 3. d4 Nf6 4. Nf3 Bb4 5. Bd3 d5 6. e5 
Ne4 7. Bd2 Nxd2 8. Qxd2 B@g4 9. a3 Bxc3 10. bxc3 N@e4 11. Bxe4 dxe4 
12. Ng5 B@g6 13. h3 B4f5 14. N@h4 h6 15. Nxf5 exf5 16. e6 Bxe6 17. Nxe6 
fxe6 18. B@e2 N@h4 19. B@f1 P@f3 20. gxf3 exf3 21. Bd3 P@g2 22. Rg1 gxf1=Q+ 
23. Bxf1 B@g2 24. P@g3 N@e4 25. Qd3 Bxf1 26. gxh4 Bxd3 
{Oddyseus resigns} 0-1

[Event "fics rated crazyhouse match"]
[Site "fics, Oklahoma City, OK USA"]
[Date "2000.03.19"]
[White "Thufir"]
[WhiteElo "2363"]
[Black "Oddyseus"]
[BlackElo "2293"]
[TimeControl "60+0"]
[Result "1-0"]

1. e4 e6 2. d4 Ne7 3. Nc3 d5 4. e5 Nbc6 5. Bg5 Bd7 6. Nh3 
Qc8 7. Bxe7 Bxe7 8. N@h5 B@f8 9. Be2 Rg8 10. O-O f6 11. exf6 gxf6 
12. P@g3 P@g6 13. N5f4 Qd8 14. Bf3 Bd6 15. Re1 Qe7 16. Nfxd5 exd5 17. Rxe7+ 
Bfxe7 18. Bxd5 Bxh3 19. P@f7+ Kd7 20. fxg8=Q Rxg8 21. gxh3 P@f7 22. P@b5 R@d8 
23. bxc6+ bxc6 24. Bg2 P@b7 25. B@f4 N@f5 26. Bxd6 Bxd6 27. B@g4 B@e6 28. N@e3 
Nxe3 29. Bxe6+ fxe6 30. fxe3 B@d5 31. N@f7 Rde8 32. Nxd6 cxd6 33. Nxd5 exd5 
34. B@f7 Re7 35. Bxg8 Rxe3 36. B@e6+ Rxe6 37. Bxe6+ Kxe6 38. Qe2+ P@e4 39. B@g8+ 
B@f7 40. Q@e8+ B@e7 41. Bxf7+ Kf5 42. Qg4# 
{Oddyseus checkmated} 1-0

[Event "fics rated crazyhouse match"]
[Site "fics, Oklahoma City, OK USA"]
[Date "2000.03.19"]
[White "Oddyseus"]
[WhiteElo "2287"]
[Black "Thufir"]
[BlackElo "2369"]
[TimeControl "60+0"]
[Result "0-1"]

1. e4 e6 2. Nc3 Nc6 3. Nf3 Nf6 4. Be2 d6 5. d4 Be7 6. Bf4 
O-O 7. e5 Nd5 8. Nxd5 exd5 9. O-O N@g6 10. Bg3 dxe5 11. dxe5 P@e4 
12. P@h5 exf3 13. hxg6 fxg6 14. Bxf3 P@e4 15. Be2 N@f5 16. P@d4 Ncxd4 17. c3 
Nxe2+ 18. Qxe2 B@d3 19. Qd2 P@f3 20. gxf3 Nxg3 21. fxg3 exf3 22. P@f6 Bxf1 
23. Rxf1 Bc5+ 24. B@d4 Bxd4+ 25. cxd4 P@g2 26. Re1 R@h1+ 27. Kf2 Rxe1 28. Qxe1 
R@f1+ 29. Ke3 Rxe1+ 30. Kf4 B@h6+ 31. Kxf3 Q@e4+ 32. Kf2 Qe2# 
{Oddyseus checkmated} 0-1

[Event "fics rated crazyhouse match"]
[Site "fics, Oklahoma City, OK USA"]
[Date "2000.03.19"]
[White "Thufir"]
[WhiteElo "2375"]
[Black "Oddyseus"]
[BlackElo "2281"]
[TimeControl "60+0"]
[Result "0-1"]

1. e4 e6 2. d4 Ne7 3. Nc3 d5 4. exd5 exd5 5. Bb5+ Nbc6 6. Bxc6+ 
bxc6 7. P@h6 Nf5 8. Qe2+ Qe7 9. hxg7 Bxg7 10. P@e5 Nxd4 11. N@f6+ Bxf6 
12. exf6 Nxc2+ 13. Kf1 Qxe2+ 14. Kxe2 N@d4+ 15. Kd3 B@c4+ 16. Kd2 Q@e1# 
{Thufir checkmated} 0-1

[Event "fics rated crazyhouse match"]
[Site "fics, Oklahoma City, OK USA"]
[Date "2000.03.19"]
[White "Oddyseus"]
[WhiteElo "2291"]
[Black "Thufir"]
[BlackElo "2365"]
[TimeControl "60+0"]
[Result "1-0"]

1. e4 e6 2. Nc3 Nc6 3. d4 Nf6 4. Nf3 Bb4 5. Bd3 d5 6. e5 
Ne4 7. Bd2 Nxd2 8. Qxd2 B@g4 9. a3 Ba5 10. b4 Nxb4 11. axb4 Bxb4 
12. N@g5 P@b2 13. Rd1 P@e4 14. Bb5+ c6 15. N@d6+ Bxd6 16. exd6 exf3 17. Nxf3 
Bxf3 18. gxf3 N@g2+ 19. Kf1 cxb5 20. B@e7 Qb6 21. B@h3 N@f4 22. Bxg2 Nxg2 
23. N@c7+ Kd7 24. N3xb5 B@h3 25. Rg1 B@c4+ 26. P@d3 Ne3+ 27. Ke2 Nxd1 28. Rxd1 
Bxb5 29. N@e5# 
{Thufir checkmated} 1-0

[Event "fics rated crazyhouse match"]
[Site "fics, Oklahoma City, OK USA"]
[Date "2000.03.19"]
[White "Lomboc"]
[WhiteElo "2215"]
[Black "BurgerKing"]
[BlackElo "2390"]
[TimeControl "60+0"]
[Result "0-1"]

1. e4 e6 2. d4 Nf6 3. Nc3 d5 4. Nf3 dxe4 5. Ng5 Bb4 6. Bb5+ 
P@c6 7. Be2 Bxc3+ 8. bxc3 N@h4 9. Rg1 h6 10. Nh3 Nd5 11. Bd2 Nf5 
12. B@e3 Qh4 13. Bf4 e3 14. Bg3 Nxg3 15. hxg3 exf2+ 16. Nxf2 Qxg3 17. N@e4 
Qh2 
{Lomboc resigns} 0-1

[Event "fics rated crazyhouse match"]
[Site "fics, Oklahoma City, OK USA"]
[Date "2000.03.19"]
[White "BurgerKing"]
[WhiteElo "2404"]
[Black "Lomboc"]
[BlackElo "2211"]
[TimeControl "60+0"]
[Result "1-0"]

1. e4 e6 2. d4 d5 3. exd5 exd5 4. Bb5+ Nc6 5. Qe2+ Be7 6. Bxc6+ 
bxc6 7. N@e5 Bd7 8. P@b7 Rb8 9. Qa6 B@b6 10. Nxd7 Nf6 11. Nxb8 
{Lomboc resigns} 1-0

[Event "fics rated crazyhouse match"]
[Site "fics, Oklahoma City, OK USA"]
[Date "2000.03.19"]
[White "Lomboc"]
[WhiteElo "2237"]
[Black "Gobi"]
[BlackElo "2226"]
[TimeControl "60+0"]
[Result "0-1"]

1. e4 e5 2. Nc3 Nc6 3. Nf3 Nf6 4. Bc4 Bc5 5. O-O O-O 6. d3 
h6 7. h3 d6 8. Nd5 Be6 9. Nxf6+ Qxf6 10. Bxe6 fxe6 11. B@h4 Qf7 
12. c3 B@h5 13. N@h2 N@g6 14. Bg3 Nf4 15. Bcxf4 exf4 16. Bh4 B@g3 17. d4 
Bxh4 18. dxc5 Bxf2+ 19. Rxf2 B@e3 20. B@e1 P@g3 21. Ng4 Bxg4 22. hxg4 gxf2+ 
23. Bxf2 Bxf2+ 24. Kxf2 B@e3+ 25. Ke2 N@g3+ 26. Kd3 dxc5 27. P@e2 c4+ 28. Kc2 
Rfd8 29. B@d4 Nxd4+ 30. cxd4 Nxe4 31. B@c3 P@d3+ 32. exd3 cxd3+ 33. Qxd3 P@c4 
34. Qxe4 B@d3+ 35. Kd1 Bxe4 36. P@c2 Bxc2+ 37. Kxc2 Q@d3# 
{Lomboc checkmated} 0-1

[Event "fics rated crazyhouse match"]
[Site "fics, Oklahoma City, OK USA"]
[Date "2000.03.19"]
[White "Gobi"]
[WhiteElo "2234"]
[Black "Lomboc"]
[BlackElo "2229"]
[TimeControl "60+0"]
[Result "1-0"]

1. e4 e6 2. Nc3 d5 3. exd5 exd5 4. Bb5+ Nc6 5. Nf3 Be7 6. Ne5 
Bd7 7. Bxc6 Bxc6 8. Nxf7 Kxf7 9. N@e5+ Kf8 10. P@g6 P@f6 11. Nf7 hxg6 
12. Nxh8 P@f7 13. P@e6 B@e8 14. exf7 Bxf7 15. d4 P@h7 16. Nxf7 Kxf7 17. P@b5 
Bd7 18. Nxd5 Be6 19. Nf4 Bc8 20. d5 Nh6 21. B@e6+ Bxe6 22. dxe6+ Kg8 
23. P@f7+ Kh8 24. Qxd8+ Rxd8 25. R@e8+ B@f8 26. Rxd8 
{Lomboc resigns} 1-0

[Event "fics rated crazyhouse match"]
[Site "fics, Oklahoma City, OK USA"]
[Date "2000.03.19"]
[White "Lomboc"]
[WhiteElo "2221"]
[Black "Gobi"]
[BlackElo "2242"]
[TimeControl "60+0"]
[Result "0-1"]

1. e4 e5 2. Nc3 Nc6 3. Bc4 Nf6 4. Nf3 Bc5 5. O-O d6 6. d3 
h6 7. h3 O-O 8. Be3 Be6 9. Bxe6 fxe6 10. B@b5 B@h5 11. Bxc6 bxc6 
12. N@g3 Bxf3 13. gxf3 Bxe3 14. fxe3 B@f4 15. exf4 exf4 16. Nge2 B@e3+ 17. Kh1 
Nh5 18. B@h2 d5 19. B@g4 dxe4 20. Bxh5 P@g2# 
{Lomboc resigns} 0-1

[Event "fics rated crazyhouse match"]
[Site "fics, Oklahoma City, OK USA"]
[Date "2000.03.19"]
[White "Gobi"]
[WhiteElo "2250"]
[Black "Lomboc"]
[BlackElo "2213"]
[TimeControl "60+0"]
[Result "1-0"]

1. e4 e6 2. d4 Nf6 3. Bd3 d5 4. Nc3 dxe4 5. Bxe4 Nc6 6. Nf3 
P@d5 7. Bd3 Bb4 8. O-O O-O 9. P@h6 gxh6 10. Bxh6 Re8 11. P@e5 Ng4 
12. Bxh7+ Kxh7 13. Ng5+ Kxh6 14. Nxf7+ Kg6 15. Nxd8 Nxd8 16. Qxg4# 
{Lomboc resigns} 1-0

[Event "fics rated crazyhouse match"]
[Site "fics, Oklahoma City, OK USA"]
[Date "2000.03.19"]
[White "Lomboc"]
[WhiteElo "2206"]
[Black "Gobi"]
[BlackElo "2257"]
[TimeControl "60+0"]
[Result "0-1"]

1. e4 Nf6 2. Nc3 d5 3. exd5 Nxd5 4. Nxd5 Qxd5 5. d4 Bf5 6. N@e3 
Qd7 7. Nf3 Nc6 8. Bb5 N@f4 9. Rg1 Be4 10. Bxc6 Qxc6 11. N@e5 Bxf3 
12. Qxf3 B@a5+ 13. B@c3 Bxc3+ 14. bxc3 Qxc3+ 15. B@d2 Qxd4 16. P@d7+ Kd8 17. Qxb7 
Qxe5 18. Qxa8+ Kxd7 19. R@d8+ Ke6 20. P@f5+ Kf6 21. Qf3 B@e4 22. Qxe4 Qxe4 
{Lomboc forfeits on time} 0-1